[Event "Memorial Ukrainian Chess Warriors 2024"]
[Site "Lviv"]
[Date "2024.03.15"]
[Round "4.11"]
[White "Mikhaletz, Lubomir"]
[Black "Karpinets, Andrian"]
[Result "1-0"]
[ECO "D02"]
[WhiteElo "2278"]
[BlackElo "1681"]
[Annotator "TA"]
[PlyCount "91"]
[EventDate "2024.03.06"]
[EventType "swiss"]
[EventCountry "UKR"]
[SourceTitle "playchess.com"]
[Source "ChessBase"]
[SourceQuality "1"]
[TimeControl "600+5"]

1. d4 d5 2. Nf3 e6 3. c4 Nf6 4. cxd5 exd5 5. Bg5 Be7 6. Nc3 c6 7. Qc2 O-O 8. e3 h6 9. Bxf6 Bxf6 10. Bd3 Re8 11. O-O Nd7 12. b4 Be7 13. b5 Nf6 14. bxc6 {[%emt 0:00:08] Weiß steht etwas besser.} bxc6 15. Ne5 c5 16. Nc6 {[%emt 0:00:50] Ein dynamisches Springerpaar.} Qc7 17. Nxe7+ Qxe7 18. dxc5 Qxc5 19. Ne2 Qxc2 20. Bxc2 Ba6 21. Rfe1 Bxe2 22. Rxe2 d4 23. e4 Rac8 24. Rd1 Red8 {[%emt 0:01:59][%cal Od4d3] Und jetzt ...d3! wäre schön.} 25. f3 Rc3 26. Red2 Nh5 27. Kf2 ({Vorzuziehen ist} 27. Kf1 $16) 27... Nf4 $11 28. g3 Ne6 29. Bb3 d3 (29... Kf8 $11) 30. Ke3 $16 Nc5 31. Bd5 Ra3 32. Rc1 $36 {[%emt 0:00:11][%mdl 2048] Schwarz muss aufpassen.} Na6 (32... Ra5 $16 {ist wohl besser.}) 33. Rc4 (33. Rxd3 $18 Rxd3+ 34. Kxd3) 33... Rb8 (33... Kf8 $16) 34. Kd4 $2 (34. Rxd3 $18 Rxa2 35. Rdc3 Rxh2 36. Rc8+ Rxc8 37. Rxc8+ Kh7 38. Bxf7) 34... Nb4 $11 35. Rc7 Nc2+ (35... Rd8 $11) 36. Ke5 $16 Rf8 37. Bb3 {[%emt 0:00:06] Weiß steht aktiver.} Nb4 {[%emt 0:00:08] [#]} (37... Ra5+ $16 {war angesagt.} 38. Kf4 h5) 38. Kd4 $1 $18 Na6 $2 {[%emt 0:00:04][%mdl 8192] Führt Schwarz ins Verderben.} (38... g6 $16 39. f4 a5) 39. Rxa7 Rd8+ 40. Ke3 Rd6 41. Bxf7+ ({Schwächer ist} 41. Rxf7 Rxb3 42. axb3 Kxf7 43. Rxd3 Rc6 $11) 41... Kh7 42. Bc4 Nb4 43. Rxa3 Nc2+ {[%emt 0:00:01] [#]} 44. Rxc2 $1 dxc2 45. Rc3 Rd3+ 46. Kxd3 {[%emt 0:00:02] Gewichteter Fehlerwert: Weiß=0.30/Schwarz=0.77.  Verlustzug:     	---       	Schwarz=1     Gewinn verpasst:   	Weiß=1     	---        Fehler:       	Weiß=2     	Schwarz=5     Ungenau:       	Weiß=2     	Schwarz=3     OK:         	Weiß=13    	Schwarz=7     Bester:       	Weiß=3     	Schwarz=3} 1-0

[Event "Memorial Ukrainian Chess Warriors 2024"]
[Site "Lviv"]
[Date "2024.03.15"]
[Round "4.12"]
[White "Shala, Maksym"]
[Black "Alexikov, Alexander"]
[Result "0-1"]
[ECO "B90"]
[WhiteElo "1807"]
[BlackElo "2183"]
[Annotator "RC"]
[PlyCount "82"]
[EventDate "2024.03.06"]
[EventType "swiss"]
[EventCountry "UKR"]
[SourceTitle "playchess.com"]
[Source "ChessBase"]
[SourceQuality "1"]
[TimeControl "600+5"]

1. e4 c5 2. Nf3 d6 3. d4 Nf6 4. Nc3 cxd4 5. Nxd4 a6 6. Bd3 Nc6 7. Be3 Ng4 8. Nxc6 bxc6 9. Bg5 Qb6 10. O-O Qxb2 11. Qd2 h6 12. Bh4 g5 13. Bg3 Bg7 14. Na4 Qa3 15. Nb6 Bxa1 16. Nxa8 Bc3 17. Qe2 h5 18. Nb6 Be6 19. Nc4 Qc5 20. h4 Bf6 21. e5 gxh4 22. Bf4 dxe5 23. Be3 Nxe3 24. Nxe3 h3 25. Nf5 hxg2 26. Rb1 e4 27. Rb8+ Kd7 28. Rb7+ Kd8 29. Rb8+ Kc7 30. Rxh8 exd3 31. Qxd3 Bxh8 32. Qg3+ Kb7 33. Ne3 Bd4 34. Qg8 Bxe3 35. fxe3 Qxe3+ 36. Kxg2 Qh3+ 37. Kf2 Qf5+ 38. Ke3 Qe5+ 39. Kf2 Qf4+ 40. Ke1 Qe3+ 41. Kf1 Bh3+ 0-1

[Event "Memorial Ukrainian Chess Warriors 2024"]
[Site "Lviv"]
[Date "2024.03.15"]
[Round "4.13"]
[White "Petursson, Margeir"]
[Black "Sobol, Matvii"]
[Result "1-0"]
[ECO "D38"]
[WhiteElo "2344"]
[BlackElo "2021"]
[Annotator "TA"]
[PlyCount "101"]
[EventDate "2024.03.06"]
[EventType "swiss"]
[EventCountry "UKR"]
[SourceTitle "playchess.com"]
[Source "ChessBase"]
[SourceQuality "1"]
[TimeControl "600+5"]

1. d4 Nf6 2. c4 e6 3. Nc3 d5 4. Nf3 Bb4 5. g3 O-O 6. Bg2 b6 7. O-O Bb7 8. Ne5 c6 9. a3 Be7 10. e4 {[%emt 0:00:22] Weiß steht etwas besser.} Nbd7 {[%emt 0:00:05] [#]} (10... dxe4 $14 11. Nxe4 Nxe4 12. Bxe4 Qc7) 11. Nxc6 $1 $16 {[%emt 0:01:10][%mdl 512] Weiß hat aktiveres Spiel.} Bxc6 12. exd5 exd5 13. cxd5 Bb7 {[%emt 0:00:33] [#]} 14. d6 $1 Bxg2 15. dxe7 Qxe7 16. Kxg2 Rad8 17. Qf3 h6 18. Bf4 Rfe8 (18... Qe6 $16 19. Bc7 Rc8) 19. h4 (19. Bc7 $1 $18) 19... Nf8 20. Be5 N6h7 21. Rad1 Ne6 22. Rfe1 {[%emt 0:01:15] d5 ist eine echte Drohung.} f6 (22... Qd7 $16 23. d5 Nef8) 23. d5 $18 fxe5 24. Rxe5 (24. dxe6 Qxe6 25. Rxd8 Rxd8) 24... Nf4+ (24... Qf6 $2 25. Qxf6 (25. Rxe6 Rxe6 26. dxe6 Rxd1 $18) 25... Nxf6 26. dxe6 $18 (26. Rxe6 Rf8 $18)) 25. gxf4 Qxh4 26. Qg3 Qf6 {[%emt 0:00:35] Schwarz ist schwach auf den weissen Feldern} 27. Rde1 ({Besser ist} 27. d6 $1 $18 {Und jetzt Nd5 wäre schön.} Kh8 28. Ne4) 27... Qf7 {[%emt 0:00:25] [#]} (27... Rf8 $16) 28. d6 $1 Nf6 {[%emt 0:00:22] [#]} 29. Re7 $1 Rxe7 30. Rxe7 Qf8 {[%emt 0:00:05] [#]} 31. f5 $1 (31. Rxa7 Rxd6 32. Qf3 Kh7 $11) 31... Ne8 $2 (31... Kh8 32. Qe5 (32. Rxa7 Rxd6 33. Kf1 Rd7 $16) 32... Qg8) 32. Nd5 {[%emt 0:00:41][%cal Bc3d5,Bd5c7,Bc7e6][%mdl 32] Droht d7 und aus.} (32. Rxa7 Qxf5 (32... Nxd6 33. Qg6 $16) 33. Rb7 Qf6 $16) 32... Nxd6 33. f6 (33. Rxa7 Nc8 (33... Nxf5 34. Qe5 $11) 34. Ra8 Rxd5 $17) 33... Nf7 34. Nc7 Rd6 35. Re8 Rxf6 36. Rxf8+ Kxf8 37. Qe3 Kg8 38. Qe8+ Kh7 39. Ne6 {[%emt 0:00:10] jetzt Nf8+ und aus.} h5 40. Nf8+ Kh6 41. Nd7 Rg6+ 42. Kf1 Nd6 43. Qh8+ Kg5 44. Ne5 Re6 45. Qxg7+ Kf5 46. Nf7 Ne4 47. Nh6+ Kf4 48. Qf7+ Rf6 49. Qxh5 Rf8 50. Qg4+ (50. Qh4+ $142 Ke5 51. Qe7+ Kd4 52. Qxf8 Nc5 53. Qa8 Kc4 54. Qxa7 (54. Qg8+ Kd4 $18) 54... Kd5 55. Qxb6) 50... Ke5 51. Qg7+ {[%emt 0:00:01] Gewichteter Fehlerwert: Weiß=0.19 (sehr präzise) /Schwarz=0.55.  Fehler:       	Weiß=2     	Schwarz=5     Ungenau:       	Weiß=2     	Schwarz=4     OK:         	Weiß=9     	Schwarz=6     Bester:       	Weiß=2     	Schwarz=1     Stark:        	Weiß=2     	---        Brilliant:      	Weiß=2     	---} 1-0

[Event "Memorial Ukrainian Chess Warriors 2024"]
[Site "Lviv"]
[Date "2024.03.15"]
[Round "4.14"]
[White "Shton, Roman"]
[Black "Starozhilov, Leonid"]
[Result "0-1"]
[ECO "A40"]
[WhiteElo "2002"]
[BlackElo "2285"]
[Annotator "TA"]
[PlyCount "52"]
[EventDate "2024.03.06"]
[EventType "swiss"]
[EventCountry "UKR"]
[SourceTitle "playchess.com"]
[Source "ChessBase"]
[SourceQuality "1"]
[TimeControl "600+5"]

1. d4 g6 2. Nf3 Bg7 3. e4 d6 4. Bc4 Nf6 5. Qe2 Nc6 6. c3 e5 7. dxe5 Nxe5 8. Nxe5 dxe5 {[%emt 0:00:01] Weiß steht etwas besser.} 9. O-O O-O 10. Rd1 Qe7 11. f3 Nh5 12. Na3 c6 13. Qd3 (13. Nc2 $11) 13... Nf4 (13... b5 $15 14. Bb3 a5) 14. Qd6 $11 (14. Qd2 {vereinfacht} a5 15. Qd6 Qxd6 16. Rxd6 Re8 17. Be3) 14... Qg5 {[%emt 0:01:06][%csl Gf4][%cal Rg5g2] [#]} 15. g3 Bh3 {[%emt 0:00:43] Gegen Bf1 gerichtet.} (15... Nh3+ $11 16. Kg2 Qh5) 16. Bxf4 $2 (16. Qc5 $1 $14 {behält die Oberhand.} Qh5 17. Qf2 (17. gxf4 $2 {geht unter.} Qxf3 18. Rd2 Qg4+ 19. Kh1 b5 $19) (17. Bxf4 b6 $11)) 16... exf4 $19 17. Qxf4 Qc5+ 18. Kh1 Qf2 19. Bf1 {[%emt 0:02:17] Wehrt Bg2+ ab} Bxf1 $40 {[%emt 0:01:06][%mdl 128] Weiss ist in Schwierigkeiten.} (19... Qxb2 20. Bxh3 Qxa3 21. Rd3 $15) 20. Rxf1 Qxb2 21. Nc4 Qxc3 22. Rac1 Qb4 23. Nd6 $2 {[%emt 0:00:17][%mdl 8192] [#]} (23. e5 $17 {war nötig.}) 23... g5 $1 {[%emt 0:00:25][%mdl 512] Schwarz steht klar auf Gewinn.} 24. Qxg5 Qxd6 25. f4 Qg6 26. Qxg6 hxg6 {[%emt 0:00:02] Gewichteter Fehlerwert: Weiß=0.43/Schwarz=0.16 (sehr präzise) .  Verlustzug:     	Weiß=2     	---        Fehler:       	Weiß=1     	Schwarz=2     OK:         	Weiß=9     	Schwarz=8     Bester:       	Weiß=1     	Schwarz=1     Brilliant:      	---       	Schwarz=1} 0-1

[Event "Memorial Ukrainian Chess Warriors 2024"]
[Site "Lviv"]
[Date "2024.03.15"]
[Round "4.15"]
[White "Podolskyi, Mykhailo"]
[Black "Yushko, Olga"]
[Result "1-0"]
[ECO "D63"]
[WhiteElo "2331"]
[BlackElo "1940"]
[Annotator "TA"]
[PlyCount "87"]
[EventDate "2024.03.06"]
[EventType "swiss"]
[EventCountry "UKR"]
[SourceTitle "playchess.com"]
[Source "ChessBase"]
[SourceQuality "1"]
[TimeControl "600+5"]

1. d4 e6 2. c4 Nf6 3. Nf3 d5 4. Nc3 Be7 5. Bg5 O-O 6. e3 Nbd7 7. Rc1 b6 8. cxd5 exd5 9. Bd3 Bb7 10. O-O c5 11. Qe2 Ne4 12. Bxe7 Qxe7 13. dxc5 Ndxc5 14. Rfd1 a5 15. Nd4 {[%emt 0:00:57] Weiß hat minimalen Vorteil.} f5 (15... Rac8 $11) 16. Bb5 Rac8 {[%emt 0:01:12] Verhindert Nc6.} 17. h3 Qg5 {[%emt 0:01:12] [#]} (17... Qf6 $14) 18. Nf3 ({Günstiger ist} 18. Nxd5 $1 $16 {Droht Nf3 und aus.} Bxd5 19. Nf3) 18... Nxc3 $1 $14 19. Rxc3 Qf6 20. Nd4 Ne4 (20... Rc7 $14) 21. Rxc8 $16 Rxc8 22. Bd7 Rc4 23. Qh5 ({Viel schlechter ist} 23. Nxf5 $6 Rc7 24. Qg4 Nxf2 (24... Rxd7 $2 {zu gefräßig.} 25. Nh6+ Qxh6 26. Qxd7 $18) 25. Kxf2 Rxd7 $11) (23. Qf3 $16) 23... g6 $14 24. Qh6 {[%emt 0:00:05] Schwarz muss nun Be6+ beachten.} Bc8 25. Bb5 Rc5 26. Qf4 Qd6 27. Qf3 Qe5 28. Bd3 Bb7 29. Bxe4 dxe4 30. Qe2 Bd5 31. b3 Bf7 32. Qa6 Qd6 33. Qe2 (33. h4 $14) 33... Rd5 (33... Qe5 $11 {bleibt in der Remisbreite.}) 34. Rc1 Rc5 35. Rd1 Rd5 (35... Qe5 $11 {hält das Gleichgewicht.}) 36. g3 $16 Be8 (36... h5 $14) 37. Qc4 {[%emt 0:00:08][%cal Od4f5] [#] Zielt auf Nxf5! ab.} Qc5 38. Qe2 Qd6 $1 39. Kg2 $36 {[%emt 0:00:02][%mdl 2048] Weiss kämpft um Vorteil.} a4 (39... b5 $14) 40. bxa4 (40. Qc4 $142 {[%cal Od4f5] Und jetzt Nxf5! wäre schön.} Bf7 41. bxa4 (41. Qxa4 Ra5 $16)) 40... Bxa4 41. Rb1 b5 {[%emt 0:00:02] Wehrt Qc4 ab} 42. Nxb5 $18 Bxb5 43. Rxb5 Qa6 $2 (43... Rxb5 $18 44. Qxb5 h5) 44. Rb8+ {[%emt 0:00:04] Gewichteter Fehlerwert: Weiß=0.17 (sehr präzise) /Schwarz=0.45.  Fehler:       	Weiß=4     	Schwarz=9     Ungenau:       	Weiß=2     	---        OK:         	Weiß=9     	Schwarz=6     Bester:       	Weiß=3     	Schwarz=1     Stark:        	---       	Schwarz=2} 1-0

[Event "Memorial Ukrainian Chess Warriors 2024"]
[Site "Lviv"]
[Date "2024.03.15"]
[Round "4.16"]
[White "Masnyak, Yuriy"]
[Black "Sydoryka, Vladyslav"]
[Result "0-1"]
[ECO "B12"]
[WhiteElo "1785"]
[BlackElo "2310"]
[Annotator "TA"]
[PlyCount "96"]
[EventDate "2024.03.06"]
[EventType "swiss"]
[EventCountry "UKR"]
[SourceTitle "playchess.com"]
[Source "ChessBase"]
[SourceQuality "1"]
[TimeControl "600+5"]

1. e4 c6 2. d4 d5 3. e5 c5 4. c3 Nc6 5. Be2 Bf5 6. Nf3 e6 7. O-O cxd4 8. cxd4 Nge7 9. Nc3 Nc8 10. a3 Nb6 11. b3 Be7 12. Bb2 {[%emt 0:00:05] The position is equal.} O-O 13. Qd2 Qd7 14. Rac1 Rfc8 15. Ne1 Bg6 16. h3 a6 17. Kh1 Rc7 18. f4 Rac8 19. g4 Be4+ 20. Ng2 Qd8 21. Kh2 (21. Qe3 $142) 21... Bxg2 (21... Na5 $11 22. Bd1 (22. Nxe4 $2 Nxb3 23. Qd3 Nxc1 $19) 22... Nac4 23. bxc4 Nxc4) 22. Kxg2 $14 Na5 23. Qd1 Qf8 (23... Bxa3 24. Bxa3 Rxc3 25. Rxc3 Rxc3 26. Bb4 $18) (23... Nd7 $5) 24. Nb1 Rxc1 25. Bxc1 Qd8 26. Bd3 Nc6 27. f5 $2 (27. Bb2 $14) 27... Nxd4 $17 {[%emt 0:02:07] White is now going downhill.} 28. f6 gxf6 29. Bxh7+ Kxh7 $19 30. Qxd4 Nd7 31. g5 $2 (31. exf6 {keeps fighting.} Bxf6 32. Qf4) 31... f5 {[%emt 0:00:00] Black is clearly winning.} (31... fxg5 32. Rxf7+ Kg8 (32... Kg6 33. Qd3+ Kxf7 34. Qh7+ Ke8 35. Qh5+ Kf8 36. Qh8+ Kf7 37. Qh7+ Ke8 38. Qh5+ Kf8 39. Qh8+ Kf7 40. Qh7+ $11) 33. Qd3 $19) (31... fxe5 32. Qh4+ Kg8 33. Rxf7 $19) (31... Nxe5 32. Qh4+ Kg8 33. gxf6 Rc2+ (33... Bxf6 34. Rxf6 Ng6 35. Qg5 $16) (33... Ng6 $2 34. Qg5 $19) 34. Bd2 $19) (31... Rc2+ 32. Kh1 Nxe5 33. Bf4 $19) 32. Qh4+ Kg8 33. Qg3 Rc2+ 34. Kh1 {[%emt 0:00:02] White is weak on the light squares} Qc7 35. Bf4 Nf8 36. g6 fxg6 37. Bh6 Kf7 {[%emt 0:00:07] And now ...Nd7 would win.} 38. Rg1 g5 39. Bxg5 Bxg5 40. Qxg5 {[%emt 0:00:03] [#] Strongly threatening Qh5+.} Qxe5 41. Nd2 Qc3 {[%cal Rc3h3] Inhibits Nf3.} 42. Qh5+ Ke7 43. Qg5+ Ke8 {[%emt 0:00:07][%cal Rc3h3] [#]} 44. Rg2 Qxh3+ 45. Kg1 Qc3 46. Qf4 Rc1+ 47. Kh2 Qc7 48. Qxc7 Rxc7 {[%emt 0:00:00] Weighted Error Value: White=0.40/Black=0.18 (very precise) .  Mistake:       	White=4     	Black=1      Inaccurate:     	White=2     	Black=2      OK:         	White=6     	Black=12     Best:        	White=2     	Black=3} 0-1

[Event "Memorial Ukrainian Chess Warriors 2024"]
[Site "Lviv"]
[Date "2024.03.15"]
[Round "4.17"]
[White "Nakonechnyi, Oleksii"]
[Black "Hrabinska, Myroslava"]
[Result "1/2-1/2"]
[ECO "A13"]
[WhiteElo "1756"]
[BlackElo "2177"]
[Annotator "RC"]
[PlyCount "81"]
[EventDate "2024.03.06"]
[EventType "swiss"]
[EventCountry "UKR"]
[SourceTitle "playchess.com"]
[Source "ChessBase"]
[SourceQuality "1"]
[TimeControl "600+5"]

1. c4 e6 2. e4 d5 3. cxd5 exd5 4. exd5 Nf6 5. Nc3 Nxd5 6. d4 Bb4 7. Bd2 O-O 8. Bd3 Nc6 9. Nge2 Bg4 10. f3 Bh5 11. O-O Bg6 12. Ne4 Bxd2 13. Qxd2 Re8 14. Rfe1 Nf6 15. Nxf6+ Qxf6 16. Bxg6 hxg6 17. d5 Rad8 18. Nc3 Rxe1+ 19. Rxe1 Ne7 20. Rd1 Nf5 21. Ne4 Qb6+ 22. Qf2 Ne3 23. Rd3 Nxd5 24. Qxb6 axb6 25. Nc3 c6 26. Kf2 Kf8 27. Nxd5 cxd5 28. Ke3 Ke7 29. Kd4 Kd6 30. Rb3 Kc6 31. Rc3+ Kd6 32. Rb3 Rh8 33. h3 Rh4+ 34. g4 Rxh3 35. Rxb6+ Kc7 36. Rb3 Kc6 37. Rc3+ Kd6 38. Rb3 Kc6 39. Rc3+ Kd6 40. Rb3 Kc6 41. Rc3+ 1/2-1/2

[Event "Memorial Ukrainian Chess Warriors 2024"]
[Site "Lviv"]
[Date "2024.03.15"]
[Round "4.18"]
[White "Schults, Olev"]
[Black "Fainkihen, Efim"]
[Result "0-1"]
[ECO "B15"]
[WhiteElo "2109"]
[BlackElo "1976"]
[Annotator "RC"]
[PlyCount "94"]
[EventDate "2024.03.06"]
[EventType "swiss"]
[EventCountry "UKR"]
[SourceTitle "playchess.com"]
[Source "ChessBase"]
[SourceQuality "1"]
[TimeControl "600+5"]

1. e4 c6 2. d4 d5 3. Nd2 dxe4 4. Nxe4 Nf6 5. Nxf6+ exf6 6. c3 Bd6 7. Bd3 O-O 8. Qc2 Re8+ 9. Ne2 h5 10. O-O Nd7 11. Bd2 Nf8 12. Rfe1 Qc7 13. Ng3 Bg4 14. Bf5 Bxg3 15. hxg3 g6 16. Bxg4 hxg4 17. Re4 f5 18. Bf4 Qd7 19. Re5 f6 20. Re2 Rxe2 21. Qxe2 Re8 22. Qc4+ Kg7 23. Rd1 g5 24. Bc1 Ng6 25. d5 Re4 26. Qc5 cxd5 27. Qxa7 f4 28. gxf4 gxf4 29. Qa5 g3 30. Qc5 Qe6 31. Rf1 Nh4 32. fxg3 fxg3 33. Qc7+ Kg6 34. Qxg3+ Rg4 35. Qd3+ f5 36. g3 Qb6+ 37. Kh2 Qc7 38. Bf4 Qh7 39. Kg1 Qe7 40. Qd2 Qe4 41. Qf2 Kf6 42. Kh2 Ng6 43. Re1 Qc4 44. b3 Qc6 45. Qd4+ Kf7 46. Rd1 Nxf4 47. Qxd5+ Nxd5 0-1

[Event "Memorial Ukrainian Chess Warriors 2024"]
[Site "Lviv"]
[Date "2024.03.15"]
[Round "4.19"]
[White "Skarbarchuk, Tetyana"]
[Black "Velychko, Semen"]
[Result "1-0"]
[ECO "D85"]
[WhiteElo "1929"]
[BlackElo "1905"]
[Annotator "NA RC"]
[PlyCount "67"]
[EventDate "2024.03.06"]
[EventType "swiss"]
[EventCountry "UKR"]
[SourceTitle "playchess.com"]
[Source "ChessBase"]
[SourceQuality "1"]
[TimeControl "600+5"]

1. d4 Nf6 2. c4 g6 3. Nc3 d5 4. cxd5 Nxd5 5. Bd2 Bg7 6. e4 Nxc3 7. Bxc3 c5 8. d5 Bxc3+ 9. bxc3 O-O 10. Be2 Nd7 11. Nf3 Nf6 12. Qd3 Qc7 13. O-O Bg4 14. Nd2 Bxe2 15. Qxe2 Rad8 16. c4 Qe5 17. Rab1 b6 18. Rfe1 e6 19. Nf3 Qh5 20. e5 Nd7 21. Rbd1 exd5 22. e6 fxe6 23. Qxe6+ Rf7 24. Rxd5 Qh6 25. Ne5 Qg7 26. Rxd7 Rdxd7 27. Nxd7 Qd4 28. Qe8+ Kg7 29. Qe5+ Qxe5 30. Nxe5 Re7 31. f4 a6 32. Rb1 Re6 33. Kf2 Kf6 34. Rxb6 1-0

[Event "Memorial Ukrainian Chess Warriors 2024"]
[Site "Lviv"]
[Date "2024.03.15"]
[Round "4.20"]
[White "Piuro, Vladyslav"]
[Black "Torzhkov, Andrey"]
[Result "1/2-1/2"]
[ECO "A06"]
[WhiteElo "2051"]
[BlackElo "1707"]
[Annotator "RC"]
[PlyCount "89"]
[EventDate "2024.03.06"]
[EventType "swiss"]
[EventCountry "UKR"]
[SourceTitle "playchess.com"]
[Source "ChessBase"]
[SourceQuality "1"]
[TimeControl "600+5"]

1. Nf3 d5 2. d4 e6 3. c4 c6 4. e3 Nd7 5. Nbd2 f5 6. b3 Bd6 7. Bb2 Ngf6 8. Bd3 O-O 9. O-O Ne4 10. Qe2 Qf6 11. Rac1 Qh6 12. Ne5 Bb4 13. Bxe4 fxe4 14. f4 Nxe5 15. dxe5 Bd7 16. Bc3 Be7 17. Rcd1 Rad8 18. Qg4 Kh8 19. cxd5 cxd5 20. Bd4 Bb5 21. Rfe1 Rc8 22. Rc1 Bb4 23. Qd1 a6 24. Bb2 Qh4 25. a3 Ba5 26. b4 Bb6 27. Rxc8 Rxc8 28. g3 Qe7 29. Bd4 Bxd4 30. exd4 Rc3 31. Qg4 Rxa3 32. Rc1 g6 33. h4 Rd3 34. Nf1 Bc6 35. h5 Qf7 36. hxg6 Qxg6 37. Qh4 Rxd4 38. Qd8+ Kg7 39. Rc2 Rd1 40. Rh2 e3 41. Qe7+ Kg8 42. Qd8+ Be8 43. f5 exf5 44. Qe7 f4 45. Rh4 1/2-1/2

[Event "Memorial Ukrainian Chess Warriors 2024"]
[Site "Lviv"]
[Date "2024.03.15"]
[Round "4.21"]
[White "Trushko, Andrii"]
[Black "Rushynets, Ivan"]
[Result "1-0"]
[ECO "D14"]
[WhiteElo "2050"]
[BlackElo "1852"]
[Annotator "RC"]
[PlyCount "99"]
[EventDate "2024.03.06"]
[EventType "swiss"]
[EventCountry "UKR"]
[SourceTitle "playchess.com"]
[Source "ChessBase"]
[SourceQuality "1"]
[TimeControl "600+5"]

1. d4 c6 2. c4 d5 3. cxd5 cxd5 4. Nc3 Nf6 5. Nf3 Nc6 6. Bf4 Bf5 7. Qb3 Na5 8. Qa4+ Bd7 9. Qc2 e6 10. a3 Rc8 11. Bg5 Be7 12. Bxf6 Bxf6 13. e3 O-O 14. Bd3 h6 15. O-O Qb6 16. b4 Nc4 17. Bxc4 Rxc4 18. Nd2 Rc7 19. Qb2 Rfc8 20. Rac1 Bb5 21. Rfe1 Bd3 22. Na4 Qd6 23. Nc5 Bg6 24. Nxb7 Qb6 25. Na5 Rc2 26. Qa1 Kh7 27. Ndb3 Bh4 28. g3 Be7 29. Nc5 h5 30. Rxc2 Bxc2 31. Rc1 Bg6 32. Nd7 Rxc1+ 33. Qxc1 Qb5 34. Ne5 Bf5 35. Qd1 g6 36. Nxf7 Bg4 37. Qf1 Be2 38. Qc1 Qd3 39. Ne5 Qf5 40. Qe1 Bb5 41. Nb7 h4 42. Nc5 h3 43. a4 Bxc5 44. bxc5 Bxa4 45. Qf1 g5 46. g4 Qe4 47. Qxh3+ Kg7 48. Qh5 Qb1+ 49. Kg2 Qe4+ 50. Kg3 1-0

[Event "Memorial Ukrainian Chess Warriors 2024"]
[Site "Lviv"]
[Date "2024.03.15"]
[Round "4.22"]
[White "Kipen, Svyatoslav"]
[Black "Nedilko, Vasily"]
[Result "0-1"]
[ECO "B26"]
[WhiteElo "1710"]
[BlackElo "2324"]
[Annotator "RC"]
[PlyCount "104"]
[EventDate "2024.03.06"]
[EventType "swiss"]
[EventCountry "UKR"]
[SourceTitle "playchess.com"]
[Source "ChessBase"]
[SourceQuality "1"]
[TimeControl "600+5"]

1. e4 c5 2. Nc3 d6 3. g3 g6 4. Bg2 Bg7 5. d3 Nc6 6. Be3 Nf6 7. h3 O-O 8. Qd2 Rb8 9. a4 a6 10. Bh6 e5 11. Bxg7 Kxg7 12. Nf3 b5 13. axb5 axb5 14. O-O b4 15. Ne2 Qb6 16. g4 h5 17. g5 Ne8 18. Nh4 Nc7 19. Kh1 Ne6 20. f4 exf4 21. Nxf4 Nxf4 22. Qxf4 Qd8 23. Rae1 Ne5 24. Nf3 f6 25. Qe3 Qe7 26. gxf6+ Rxf6 27. Nxe5 Rxf1+ 28. Rxf1 Qxe5 29. Ra1 Rb7 30. Ra8 Be6 31. Re8 Ra7 32. Bf1 Ra1 33. Kg1 Rxf1+ 34. Kxf1 Bxh3+ 35. Qxh3 Qxe8 36. Ke2 Qe7 37. b3 Kh6 38. Qc8 Qe5 39. Qf8+ Kg5 40. Qd8+ Kg4 41. Qd7+ Kg3 42. Qf7 Qg5 43. Qf3+ Kh2 44. Qf7 Qg4+ 45. Kd2 Qg2+ 46. Kd1 Qg3 47. Kd2 Kg2 48. Kc1 h4 49. Qd5 Qe5 50. Qf7 Qg5+ 51. Kb1 h3 52. c3 h2 0-1

[Event "Memorial Ukrainian Chess Warriors 2024"]
[Site "Lviv"]
[Date "2024.03.15"]
[Round "4.23"]
[White "Katsan, Danylo"]
[Black "Vasynda, Oleksandr"]
[Result "1/2-1/2"]
[ECO "A04"]
[WhiteElo "1815"]
[BlackElo "2219"]
[Annotator "RC"]
[PlyCount "123"]
[EventDate "2024.03.06"]
[EventType "swiss"]
[EventCountry "UKR"]
[SourceTitle "playchess.com"]
[Source "ChessBase"]
[SourceQuality "1"]
[TimeControl "600+5"]

1. Nf3 c5 2. b3 Nc6 3. Bb2 d5 4. e3 Bg4 5. Be2 Nf6 6. d3 e6 7. Nbd2 Bd6 8. O-O O-O 9. a4 e5 10. h3 Bxf3 11. Bxf3 a6 12. e4 d4 13. Nc4 Bc7 14. Ba3 Nb4 15. Qd2 a5 16. Be2 Ne8 17. Rae1 Qe7 18. Qd1 Nd6 19. Bc1 f5 20. exf5 Nxf5 21. Bf3 Rab8 22. Be4 Nd6 23. Nxe5 Nxe4 24. Rxe4 Bxe5 25. f4 Nd5 26. Rxe5 Qd6 27. Qh5 Rbd8 28. Rfe1 b6 29. Qg4 Kh8 30. Bd2 h6 31. Re6 Qc7 32. f5 Qf7 33. Bxh6 Nf6 34. Rxf6 Qxf6 35. Bg5 Qd6 36. Re6 Qd7 37. Qh4+ Kg8 38. Bxd8 Rxd8 39. Re7 Qxf5 40. Rxg7+ Kxg7 41. Qxd8 Qe6 42. Qc7+ Kh8 43. Qd8+ Kg7 44. Qg5+ Kf8 45. Qf4+ Ke7 46. Qe4 Qxe4 47. dxe4 b5 48. Kf2 c4 49. Ke2 d3+ 50. Kd2 dxc2 51. Kxc2 cxb3+ 52. Kxb3 b4 53. h4 Kf6 54. g4 Ke5 55. h5 Kf6 56. Kc4 Kg5 57. e5 Kh6 58. e6 Kg7 59. g5 Kf8 60. h6 b3 61. Kxb3 Ke7 62. h7 1/2-1/2

[Event "Memorial Ukrainian Chess Warriors 2024"]
[Site "Lviv"]
[Date "2024.03.15"]
[Round "4.25"]
[White "Ivanov, Vladimir A."]
[Black "Piddubna, Bozhena"]
[Result "0-1"]
[ECO "C21"]
[WhiteElo "1887"]
[BlackElo "2132"]
[Annotator "RC"]
[PlyCount "88"]
[EventDate "2024.03.06"]
[EventType "swiss"]
[EventCountry "UKR"]
[SourceTitle "playchess.com"]
[Source "ChessBase"]
[SourceQuality "1"]
[TimeControl "600+5"]

1. e4 e5 2. d4 exd4 3. c3 d5 4. e5 dxc3 5. Nxc3 d4 6. Nce2 c5 7. Nf4 Nc6 8. Nf3 Nge7 9. Bc4 Na5 10. Bb5+ Bd7 11. Qe2 Bxb5 12. Qxb5+ Nec6 13. O-O Be7 14. e6 O-O 15. Re1 Qb6 16. Qe2 Rad8 17. Nh5 d3 18. Qe4 Qb4 19. Qf5 Nd4 20. Qe5 f6 21. Qe3 Nxf3+ 22. gxf3 d2 23. Bxd2 Qxd2 24. Qe4 Qg5+ 25. Ng3 Rd4 26. Qe2 Nc6 27. Rad1 Rfd8 28. Kh1 Qe5 29. Qc2 Rxd1 30. Rxd1 Rxd1+ 31. Qxd1 Qd4 32. Qe2 Qd5 33. Kg2 Nd4 34. Qd1 Qxe6 35. b4 b6 36. bxc5 Bxc5 37. Ne4 Qd5 38. Qd3 h6 39. a4 Qf7 40. Qd2 Qg6+ 41. Ng3 Qg5 42. Qd3 Qe5 43. Qg6 Ne2 44. Ne4 Nf4+ 0-1